 Dungeon Crawl Stone Soup version 0.27.0-1-g7a089689b8 (webtiles) character file.

Game seed: 3399606508058853546

4328 dolemite99 the Grappler (level 10, -3/83 HPs)
             Began as a Troll Transmuter on Aug 1, 2021.
             Was a Priest of Fedhas.
             Slain by a wolf (6 damage)
             ... on level 7 of the Dungeon.
             The game lasted 00:10:47 (6727 turns).

dolemite99 the Grappler (Troll Transmuter)          Turns: 6727, Time: 00:10:48

Health: -3/83      AC:  5    Str: 28    XL:     10   Next: 12%
Magic:  9/15       EV:  9    Int: 10    God:    Fedhas [***...]
Gold:   458        SH:  0    Dex: 10    Spells: 4/11 levels left

rFire    . . .     SeeInvis .     - Unarmed
rCold    . . .     Faith    .   (no shield)
rNeg     . . .     Spirit   .   a - +0 robe
rPois    .         Reflect  .   (helmet currently unavailable)
rElec    .         Harm     .   z - +0 cloak
rCorr    .         Rampage  .   (gloves unavailable)
Will     .....                  (boots unavailable)
Stlth    +.........             (no amulet)
HPRegen  1.23/turn              g - ring of wizardry
MPRegen  0.14/turn              u - +6 ring of strength {=R}

@: appendages (expiring)
A: horns 2, talons 2, large, unfitting armour, claws 3, regeneration 1, shaggy
fur 1, tough skin 1
a: End Transformation, Renounce Religion, Wall of Briars, Grow Ballistomycete


You were on level 7 of the Dungeon.
You worshipped Fedhas.
Fedhas was most pleased with you.
You had temporarily grown beastly horns and talons.
You visited 1 branch of the dungeon, and saw 8 of its levels.
You also visited: Sewer.

You collected 488 gold pieces.
You spent 30 gold pieces at shops.

Inventory:

Missiles
 i - 5 boomerangs (quivered)
 k - 5 curare-tipped darts
 n - 253 stones
 v - 8 atropa-tipped darts
Armour
 a - a +0 robe (worn)
 z - a +0 cloak (worn)
Magical Staves
 o - a staff of cold
 y - a staff of earth
Jewellery
 b - a ring of protection from fire
 c - a ring of flight
 e - a ring of resist corrosion
 f - a ring of wizardry
 g - a ring of wizardry (left claw)
 r - a ring of fire
 s - a ring of protection from cold
 t - a ring of magical power
 u - a +6 ring of strength (right claw) {=R}
 x - a +4 ring of protection
Wands
 q - a wand of flame (11)
Scrolls
 d - a scroll of blinking
 h - a scroll of amnesia
 m - 2 scrolls of teleportation
 B - a scroll of fog
Potions
 l - a potion of curing
 p - a potion of magic
 w - a potion of brilliance
 A - a potion of attraction {unknown}
 C - a potion of heal wounds {unknown}


   Skills:
 - Level 0.7 Fighting
 + Level 6.1 Throwing
 - Level 1.5 Dodging
 - Level 9.2 Unarmed Combat
 - Level 1.2 Spellcasting
 - Level 1.3 Transmutations
 - Level 9.0 Invocations


You had 4 spell levels left.
You knew the following spells:

 Your Spells              Type           Power      Damage    Failure   Level
a - Beastly Appendage     Tmut           6%         N/A       8%          1
b - Animate Skeleton      Necr           0%         N/A       14%         1
c - Blink                 Tloc           N/A        N/A       21%         2
d - Mephitic Cloud        Conj/Pois/Air  0%         N/A       38%         3

Your spell library contained the following spells:

 Spells                   Type           Power      Damage    Failure   Level
 Wereblood                Tmut           3%         N/A       12%         2
 Pain                     Necr           0%         1d4       14%         1
 Spider Form              Tmut/Pois      1%         N/A       28%         3
 Ignite Poison            Fire/Tmut/Pois 1%         N/A       32%         3
 Dazzling Flash           Conj/Hex       0%         N/A       38%         3
 Lesser Beckoning         Tloc           0%         N/A       38%         3
 Vampiric Draining        Necr           0%         2d6       38%         3
 Ice Form                 Ice/Tmut       2%         N/A       65%         4
 Animate Armour           Summ/Erth      0%         N/A       77%         4
 Blade Hands              Tmut           1%         N/A       88%         5
 Agony                    Necr           0%         N/A       97%         5
 Bolt of Magma            Conj/Fire/Erth 0%         4d4       97%         5
 Manifold Assault         Tloc           0%         N/A       97%         5
 Silence                  Hex/Air        0%         N/A       97%         5
 Iron Shot                Conj/Erth      0%         9d1       100%        6


Dungeon Overview and Level Annotations

Branches:
Dungeon (8/15)             Temple (0/1) D:7           Sewer (visited)
   Lair: D:8-11

Altars:
Fedhas
Hepliaklqana
Kikubaaqudgha
Qazlal
Wu Jian
Yredelemnul

Shops:
D:1 (   D:5 (


Innate Abilities, Weirdness & Mutations

You have temporarily grown beastly horns and talons.
You are too large for most types of armour.
You have claws for hands.
Your natural rate of healing is unusually fast.
You are covered in fur. (AC +1)
You have tough skin. (AC +1)


Message History

There is a stone staircase leading down here.
Casting: Beastly Appendage (safe; 8% risk of failure)
Confirm with . or Enter, or press ? or * to list all spells.
You grow a pair of large bovine horns.
Your feet morph into talons.
Your transformation is almost over.
The wolf bites you.
The wolf barely misses you. x2; The wolf bites you.
You mangle the wolf!!
You kill the wolf!
Fedhas appreciates your contribution to the ecosystem.
The wolf completely misses you.
You barely miss the wolf. Your claw misses the wolf.
The wolf closely misses you. The wolf bites you!
You closely miss the wolf. You claw the wolf. Your headbutt misses the wolf.
The wolf is lightly wounded.
The wolf bites you.
You barely miss the wolf. You claw the wolf, but do no damage.
Your headbutt misses the wolf.
The wolf is lightly wounded.
The wolf bites you!
* * * LOW HITPOINT WARNING * * *
You closely miss the wolf. You claw the wolf! Your headbutt misses the wolf.
The wolf is severely wounded.
The wolf bites you but does no damage. The wolf bites you!
* * * LOW HITPOINT WARNING * * *
You closely miss the wolf. Your kick misses the wolf.
The wolf is severely wounded.
The wolf bites you!
* * * LOW HITPOINT WARNING * * *
You barely miss the wolf. Your kick misses the wolf. Your claw misses the wolf.
The wolf is severely wounded.
The wolf bites you but does no damage. The wolf bites you!
* * * LOW HITPOINT WARNING * * *
You barely miss the wolf.
The wolf is severely wounded.
The wolf barely misses you.
You scratch the wolf. You claw the wolf. Your headbutt misses the wolf.
The wolf is almost dead.
The wolf bites you.
You die...
Fedhas appreciates your contribution to the ecosystem.

#......))).....#......###.##..#.
#..........###......### ####.#..
#.........## ##....#### #...#..
##...#....# ##.....#.## #......
######...# ##.........###...###
##........###............#.#....
##.......#..................#....
......##.#......................#
................@...#...........#
##.........#...h....#........#...
##.........#.................#.#.
###....#.#.....................##
..<...##.#.................#.....
#.##.##..........#########.#.####
..##..#.........##.......#..##
#.##.##..###.....#.......#...####
#.##.....##......'...>...'.†..##.


You could see a wolf.

Vanquished Creatures
  Grinder (D:6)
  A wyvern (D:8)
  3 yaks (D:8)
  Menkaure (D:4)
  2 water moccasins
  An orc warrior (D:6)
  3 sky beasts
  3 necrophages
  2 ice beasts
  A black bear (D:4)
  4 ogres
  3 wolves
  A centaur (D:7)
  4 phantoms
  A bullfrog (D:7)
  An elf zombie (D:6)
  A water moccasin zombie (D:5)
  2 scorpions
  2 water moccasin skeletons (D:7)
  A wyvern skeleton (D:7)
  3 wights (D:8)
  A howler monkey (D:6)
  2 human zombies (D:6)
  3 hounds
  A jelly (D:4)
  2 centaur skeletons (D:6)
  2 orc priests
  A bullfrog skeleton (D:6)
  A human skeleton (D:6)
  2 iguanas
  6 orc wizards
  Natasha (D:3)
  A killer bee zombie (D:7)
  A hound skeleton (D:4)
  3 adders
  2 river rats (D:4)
  2 white imps
  2 ufetubi
  2 adder skeletons (D:4)
  3 worms
  3 dart slugs (D:1)
  24 orcs
  5 endoplasms
  A giant cockroach (D:2)
  4 goblins
  4 hobgoblins
  3 jackals (D:4)
  4 quokkas
  8 ball pythons
  9 bats
  2 frilled lizards
  4 kobolds
  2 orc skeletons (D:6)
  6 rats
158 creatures vanquished.

Vanquished Creatures (collateral kills)
  21 ballistomycete spores
21 creatures vanquished.

Vanquished Creatures (others)
  A human (D:4)
1 creature vanquished.

Grand Total: 180 creatures vanquished

Notes
Turn   | Place    | Note
-------+----------+-------------------------------------------
     0 | D:1      | dolemite99 the Troll Transmuter began the quest for the
                  | Orb.
     0 | D:1      | Reached XP level 1. HP: 18/18 MP: 1/1
    86 | D:1      | Reached XP level 2. HP: 26/26 MP: 2/2
   196 | D:1      | Found a faded altar of an unknown god.
   211 | D:1      | Became a worshipper of Fedhas Madash
   211 | D:1      | Reached * piety under Fedhas
   244 | D:1      | Found Zyoda's Weapon Boutique.
   590 | D:1      | Bought 5 curare-tipped darts for 30 gold pieces
   854 | D:2      | Reached skill level 1 in Throwing
   854 | D:2      | Reached XP level 3. HP: 29/32 MP: 3/3
  1212 | D:2      | Reached ** piety under Fedhas
  1389 | D:3      | Noticed a sky beast
  1462 | D:3      | Killed a sky beast
  1463 | D:3      | Reached XP level 4. HP: 21/40 MP: 4/4
  1463 | D:3      | Reached XP level 5. HP: 24/46 MP: 5/5
  1943 | D:3      | Noticed an ice beast
  1952 | D:3      | Killed an ice beast
  2233 | D:3      | Noticed Natasha
  2240 | D:3      | Killed Natasha
  2241 | D:3      | Reached XP level 6. HP: 54/54 MP: 6/6
  2493 | D:4      | Reached skill level 5 in Unarmed Combat
  2594 | D:4      | Found a glowing drain.
  2604 | Sewer    | Entered a sewer
  2643 | Sewer    | Noticed a water moccasin
  2651 | Sewer    | Killed a water moccasin
  2709 | D:4      | Reached XP level 7. HP: 57/61 MP: 7/7
  2782 | D:4      | Found an ancient bone altar of Kikubaaqudgha.
  2785 | D:4      | Noticed a human
  2787 | D:4      | Killed a human
  2804 | D:4      | Noticed Menkaure
  2813 | D:4      | Killed Menkaure
  3275 | D:4      | Learned a level 1 spell: Animate Skeleton
  3278 | D:4      | Learned a level 2 spell: Blink
  3282 | D:4      | Learned a level 3 spell: Mephitic Cloud
  3377 | D:4      | Reached *** piety under Fedhas
  3681 | D:5      | Entered Level 5 of the Dungeon
  3810 | D:5      | Reached XP level 8. HP: 65/68 MP: 8/8
  3951 | D:5      | Found a stormy altar of Qazlal.
  4002 | D:5      | Reached skill level 1 in Invocations
  4161 | D:5      | Found Paps's Antique Weapon Emporium.
  4342 | D:5      | You fall into a shaft and drop 2 floors!
  4465 | D:6      | Noticed Grinder
  4487 | D:6      | Paralysed by Grinder for 5 turns
  4496 | D:6      | Killed Grinder
  4497 | D:6      | Reached skill level 5 in Invocations
  4504 | D:6      | Reached XP level 9. HP: 45/75 MP: 5/12
  4930 | D:6      | Found a hazy altar of Hepliaklqana.
  5100 | D:6      | Found an ornate altar of the Wu Jian Council.
  6001 | D:7      | Learned a level 1 spell: Beastly Appendage
  6160 | D:7      | Found a staircase to the Ecumenical Temple.
  6318 | D:7      | Found a basalt altar of Yredelemnul.
  6706 | D:8      | Reached skill level 5 in Throwing
  6708 | D:8      | Reached XP level 10. HP: 83/83 MP: 7/15
  6725 | D:7      | HP: 1/83 [wolf (10)]
  6727 | D:7      | Slain by a wolf

Illustrated notes

Levels and vault maps discovered:
D:1:      dpeg_arrival_tiny_j, layout_loops_ring,
          shapermc_ecumenical_altar_starsandcircs, serial_shops,
          nicolae_shop_crystal
D:2:      layout_loops_ring
D:3:      layout_basic, hangedman_decor_opposing, roderic_roman_lattice,
          grunt_ministairs_15, uniq_natasha
D:4:      layout_gridville, tgw_kikubaaqudgha, portal_sewer_entry_e,
          hangedman_abyss_or_decor_stagger, hangedman_abyss_or_decor_passed,
          uniq_menkaure
D:5:      layout_loops_ring, nicolae_qazlal_scattered_showers, serial_shops,
          shop, serial_bayou_ford_a
D:6:      layout_basic, marbit_many_paths, mainiacjoe_overflow_six_doors_small,
          nicolae_ossuary_entry_catacombs, uniq_grinder
D:7:      layout_cave_pools, mainiacjoe_overflow_alcove_2, temple_green
D:8:      layout_rooms, erik_lair_island, gammafunk_ghost_ooze,
          chequers_serial_rivers_room_a

Skill      XL: |  1  2  3  4  5  6  7  8  9 10 |
---------------+-------------------------------+-----
Unarmed Combat | 4 6 8 9 |  9.2
Throwing       | 1 3 4 5 6 |  6.1
Invocations    | 5 9 |  9.0
Fighting       | |  0.7
Dodging        | |  1.5
Spellcasting   | |  1.2
Transmutations | |  1.3

Action                   |  1- 3 |  4- 6 |  7- 9 | 10-12 || total
-------------------------+-------+-------+-------+-------++-------
Melee: Unarmed           |    65 |    56 |   236 |    14 ||   371
       Punch             |       |       |     9 |       ||     9
       Kick              |       |       |       |     4 ||     4
Throw: Dart              |    33 |    31 |   110 |       ||   174
       Boomerang         |       |       |    35 |     3 ||    38
 Cast: Beastly Appendage |       |     1 |     2 |     1 ||     4
Invok: Grow Ballistomyce |       |       |     7 |       ||     7
  Use: Potion            |       |       |     6 |       ||     6
       Scroll            |       |       |    11 |       ||    11
 Stab: Confused          |       |       |     1 |       ||     1
Armor: Robe              |    22 |    22 |    51 |     3 ||    98
Dodge: Dodged            |    14 |    31 |    86 |     9 ||   140
